 Dungeon Sprint DCSS version 0.26-a0-1038-gfb849e850a (webtiles) character file.

Game seed: 12439068536608557927

5590 Conn the Scorcher (level 10, -4/87 HPs)
             Began as an Octopode Fire Elementalist on Dec 7, 2020.
             Was a Follower of Sif Muna.
             Slain by a boulder beetle (18 damage)
             ... in the Dungeon (Sprint II: "The Violet Keep of Menkaure") on Dec 11, 2020.
             The game lasted 00:26:25 (2041 turns).

Conn the Scorcher (Octopode Fire Elementalist)      Turns: 2041, Time: 00:26:26

Health: -4/87      AC: 25    Str:  8    XL:     10   Next: 72%
Magic:  18/25      EV:  2    Int: 21    God:    Sif Muna [*.....]
Gold:   181        SH:  5    Dex: 12    Spells: 8/31 levels left

rFire    . . .     SeeInvis .   k - +0 spear (distort)
rCold    . . .     Faith    .   (no shield)
rNeg     + + +     Spirit   .   (helmet currently unavailable)
rPois    +         Reflect  +   r - amulet of reflection
rElec    .         Harm     .   (no ring)
rCorr    .         Rampage  .   o - ring of wizardry
Will     .....     NoTele   +   (no ring)
Stlth    ++........             (no ring)
HPRegen  0.24/turn              (no ring)
MPRegen  0.19/turn              (no ring)
                                (no ring)
                                (no ring)

@: tree-form
A: almost no armour, stealthy swim, (amphibious), 8 rings, (constrict 8)
a: Channel Magic, Renounce Religion


You were in the Dungeon.
You worshipped Sif Muna.
Sif Muna was aware of your devotion.
You were a tree.
You visited 1 branch You collected 902 gold pieces.
You spent 721 gold pieces at shops.

Inventory:

Hand Weapons
 a - the +3 hand axe "Jon Houl" {antimagic, rN+}
   (You bought it in a shop in the Dungeon)

   It reduces the magical energy of the wielder, and disrupts the spells and
   magical abilities of those hit.
   Natural abilities and divine invocations are not affected.
   It protects you from negative energy.
 k - a +0 spear of distortion (weapon)
Jewellery
 o - a ring of wizardry (right branch)
 r - an amulet of reflection (around neck)
Scrolls
 c - a scroll of immolation
 f - 3 scrolls of magic mapping
 j - a scroll of enchant armour
 p - a scroll of fear {unknown}
 s - a scroll of random uselessness {unknown}
 t - a scroll of amnesia {unknown}
Potions
 e - a potion of curing
 h - 2 potions of magic
 i - 3 potions of resistance
 l - 5 potions of flight
 u - a potion of attraction {unknown}


   Skills:
 + Level 1.0 Fighting
 + Level 5.0 Dodging
 - Level 2.6 Stealth
 + Level 5.2 Unarmed Combat
 * Level 11.0 Spellcasting
 * Level 11.1 Conjurations
 + Level 0.1 Hexes
 + Level 5.1 Translocations
 * Level 15.4 Fire Magic
 + Level 2.2 Air Magic
 + Level 2.2 Poison Magic
 * Level 2.8 Invocations
 + Level 5.8 Evocations


You had 8 spell levels left.
You knew the following spells:

 Your Spells              Type           Power        Failure   Level
a - Foxfire               Conj/Fire      ####         1%          1
b - Conjure Flame         Conj/Fire      ######..     1%          3
c - Inner Flame           Hex/Fire       #####...     1%          3
d - Sticky Flame          Conj/Fire      ######..     1%          4
e - Fireball              Conj/Fire      ######....   1%          5
f - Blink                 Tloc           N/A          1%          2
g - Mephitic Cloud        Conj/Pois/Air  ####....     1%          3
h - Call Imp              Summ           ##......     3%          2

Your spell library contained the following spells:

 Spells                   Type           Power        Failure   Level
 Magic Dart               Conj           ####         1%          1
 Slow                     Hex            ##......     3%          2


Dungeon Overview and Level Annotations

Branches:
Dungeon (1/1)

Altars:
Cheibriados
Dithmenos
Elyvilon
Fedhas
Gozag
Hepliaklqana
Kikubaaqudgha
Makhleb
Nemelex Xobeh
Okawaru
Qazlal
Ru
Sif Muna
Trog
Uskayaw
Vehumet
Wu Jian
Xom
Yredelemnul
Zin
The Shining One
Beogh
Jiyva
Lugonu

Shops:
D :=[:(=!}*!?[:(?

Annotations:
D exclusions: ice statue and oklob plant


Innate Abilities, Weirdness & Mutations

You cannot wear most types of armour.
You are very stealthy in the water. (Stealth+)
((You are amphibious.))
You can wear up to eight rings at the same time.
((You can use your tentacles to constrict eight enemies at once.))
((Your skin changes colour to match your surroundings (Stealth+).))
((Your rubbery body absorbs attacks. (AC +1, EV +1)))


Message History

The boulder beetle resists with some effort.
The boulder beetle burns!
The boulder beetle bites you!
Evoke which item? (* to show all) (? for menu, Esc to quit)
Aiming: Paralyse
Press: ? - help, Shift-Dir - straight line, f/p - boulder beetle
Aim: a boulder beetle (translocational energy, moderately wounded, covered in liquid flames, chance to affect: 46%)
The boulder beetle resists with some effort.
The boulder beetle burns!
The boulder beetle closely misses you.
Evoke which item? (* to show all) (? for menu, Esc to quit)
Aiming: Paralyse
Press: ? - help, Shift-Dir - straight line, f/p - boulder beetle
Aim: a boulder beetle (translocational energy, moderately wounded, covered in liquid flames, chance to affect: 46%)
The boulder beetle resists with some effort.
The now-empty wand crumbles to dust.
The boulder beetle burns!
The boulder beetle bites you!
* * * LOW HITPOINT WARNING * * *
Really quaff the potion of lignification?
You turn into a tree.
Your roots penetrate the ground.
The boulder beetle burns!
The boulder beetle bites you!!
You die...

###.#....#,,*...####▓(......[▓▓,,
.#.####..##**#^.##.#▓...)).([▓▓,,
#'###.##..#,,+..#..#▓..().)(.▓▓,,
#.##..$#..#,,#..#..#▓.))[..()▓▓,⌠
.<.+#*#'..####^.##.#▓.(....=.▓▓,,
#.##.B.#.)..###...##▓▓▓▓▓▓▓'▓▓▓▓+
#)##*.##...(.(≈≈)≈≈≈≈≈≈≈≈≈≈...w≈≈
...####≈≈.....≈#B########+###Xw≈≈
.#..#≈≈≈≈≈§≈..§#♣._._...#§≈§##≈≈≈
...##≈≈≈≈≈≈§§§§#._._._._#§§§§####
#+##≈≈≈≈≈§≈§≈§≈#_._._._.#≈§§§≈#*,
≈≈≈≈≈≈≈≈§≈≈≈≈§≈#._._._._#≈§≈≈§§*,
+#+++#≈≈≈≈≈≈§§§#.._._._.#≈§≈≈§≈+,
≈≈≈°≈##≈≈≈###§§#..._._._#≈§§≈≈≈*,
≈°≈°≈°##≈§#,#§§#...._._.#≈§§≈≈≈*,
≈8°°≈≈≈+§§#+#≈≈#....._..#≈§§≈****
≈≈○○≈≈##≈≈≈≈≈≈≈##########§§≈≈*,,,


You could see a boulder beetle (burning).

Vanquished Creatures
  Kirke (D)
  A centaur warrior (D)
  A skeletal warrior (D)
  A merfolk siren (D)
  A kobold demonologist (D)
  A yaktaur (D)
  3 polar bears (D)
  A hornet (D)
  A blink frog (D)
  2 wyverns (D)
  A water moccasin (D)
  4 worker ants (D)
18 creatures vanquished.

Vanquished Creatures (others)
  Menkaure (D)
  A water moccasin (D)
  70 foxfires (D)
  4 tentacles (D)
76 creatures vanquished.

Grand Total: 94 creatures vanquished

Notes
Turn   | Place    | Note
-------+----------+-------------------------------------------
     0 | D        | Conn the Octopode Fire Elementalist began the quest for the
                  | Orb.
     0 | D        | Reached XP level 1. HP: 11/11 MP: 3/3
     1 | D        | Noticed a worker ant
     1 | D        | Noticed a worker ant
     7 | D        | Killed a worker ant
     8 | D        | Reached skill level 5 in Fire Magic
     8 | D        | Reached XP level 2. HP: 17/17 MP: 3/5
    11 | D        | Reached skill level 6 in Fire Magic
    11 | D        | Reached XP level 3. HP: 21/21 MP: 4/7
    16 | D        | Reached XP level 4. HP: 18/27 MP: 4/8
    18 | D        | Reached skill level 1 in Unarmed Combat
    18 | D        | Reached skill level 7 in Fire Magic
    44 | D        | HP: 1/27 [poisoned by a worker ant]
    50 | D        | Learned a level 3 spell: Conjure Flame
    52 | D        | Killed Menkaure
    54 | D        | Learned a level 3 spell: Inner Flame
   271 | D        | Noticed a merfolk siren
   291 | D        | Killed a merfolk siren
   292 | D        | Reached skill level 5 in Conjurations
   292 | D        | Reached skill level 11 in Fire Magic
   292 | D        | Reached XP level 5. HP: 17/31 MP: 8/12
   292 | D        | Reached XP level 6. HP: 20/36 MP: 8/13
   292 | D        | Reached XP level 7. HP: 22/41 MP: 8/14
   305 | D        | Learned a level 4 spell: Sticky Flame
   317 | D        | Found Basulid's Antique Armour Boutique.
   317 | D        | Found Ybirch's Antique Weapon Boutique.
   317 | D        | Found Taurraes's Magic Scroll Shop.
   318 | D        | Found Myinanli's Magic Scroll Shop.
   318 | D        | Found Otanicut's Distillery.
   318 | D        | Found Dihawey's General Store.
   318 | D        | Found Yschistri's Gadget Shop.
   318 | D        | Found Woitoun's Distillery.
   319 | D        | Found Jilogaocs's Antique Weapon Boutique.
   319 | D        | Found Jotiwkot's Book Shop.
   319 | D        | Noticed a cane toad
   320 | D        | Found Naafis's Book Shop.
   320 | D        | Found Qijesimm's Jewellery Boutique.
   321 | D        | Found Byhiavin's Antique Armour Boutique.
   321 | D        | Found Joponel's Jewellery Shop.
   321 | D        | Noticed a cane toad
   321 | D        | Noticed an oklob plant
   331 | D        | Reached skill level 5 in Spellcasting
   331 | D        | Reached skill level 12 in Fire Magic
   338 | D        | Learned a level 5 spell: Fireball
   338 | D        | Found Hacuka's Book Shoppe.
   342 | D        | Bought a book of Minor Magic for 200 gold pieces
   342 | D        | Noticed a wyvern
   342 | D        | Noticed a wyvern
   344 | D        | Noticed a wyvern
   360 | D        | Bought a smoking hand axe for 192 gold pieces
   360 | D        | Identified the cursed +3 hand axe "Jon Houl" {antimagic,
                  | rN+} (You bought it in a shop in the Dungeon)
   363 | D        | Bought a scroll of remove curse for 30 gold pieces
   363 | D        | Bought a scroll of immolation for 35 gold pieces
   495 | D        | Noticed a blink frog
   501 | D        | Killed a blink frog
   732 | D        | Noticed a boulder beetle
   732 | D        | Noticed a boulder beetle
   735 | D        | Noticed a wyvern
   735 | D        | Noticed a wyvern
   751 | D        | Killed a wyvern
   752 | D        | Reached skill level 13 in Fire Magic
   752 | D        | Reached XP level 8. HP: 46/46 MP: 8/17
   756 | D        | Killed a wyvern
   847 | D        | Learned a level 2 spell: Blink
   891 | D        | Bought a potion of heal wounds for 50 gold pieces
   891 | D        | Bought a potion of heal wounds for 50 gold pieces
   899 | D        | Bought a wand of paralysis (6) for 104 gold pieces
   903 | D        | Bought a potion of lignification for 30 gold pieces
   903 | D        | Bought a potion of lignification for 30 gold pieces
   915 | D        | Noticed an ice statue
   924 | D        | Found an iron altar of Okawaru.
   924 | D        | Found an opulent altar of Gozag.
   925 | D        | Found a sparkling altar of Nemelex Xobeh.
   925 | D        | Found a blossoming altar of Fedhas.
   926 | D        | Found a radiant altar of Vehumet.
   926 | D        | Found a burning altar of Makhleb.
   926 | D        | Found a white marble altar of Elyvilon.
   926 | D        | Noticed a polar bear
   927 | D        | Found a hide-covered altar of Uskayaw.
   927 | D        | Found a corrupted altar of Lugonu.
   927 | D        | Found a shadowy altar of Dithmenos.
   927 | D        | Noticed a polar bear
   946 | D        | Killed a polar bear
   947 | D        | Reached skill level 1 in Translocations
   947 | D        | Reached skill level 1 in Evocations
   949 | D        | Killed a polar bear
  1000 | D        | Noticed a yaktaur
  1002 | D        | Noticed a polar bear
  1007 | D        | Noticed a hornet
  1008 | D        | Killed a yaktaur
  1009 | D        | Reached skill level 14 in Fire Magic
  1009 | D        | Reached XP level 9. HP: 23/52 MP: 10/20
  1015 | D        | Killed a hornet
  1026 | D        | Killed a polar bear
  1042 | D        | Found a glowing silver altar of Zin.
  1042 | D        | Found a bloodstained altar of Trog.
  1042 | D        | Found an ancient bone altar of Kikubaaqudgha.
  1044 | D        | Found a basalt altar of Yredelemnul.
  1044 | D        | Found a shimmering blue altar of Sif Muna.
  1044 | D        | Found a viscous altar of Jiyva.
  1045 | D        | Found a shimmering altar of Xom.
  1045 | D        | Found a sacrificial altar of Ru.
  1047 | D        | Found a glowing golden altar of the Shining One.
  1047 | D        | Found an ornate altar of the Wu Jian Council.
  1047 | D        | Found a stormy altar of Qazlal.
  1047 | D        | Found a snail-covered altar of Cheibriados.
  1047 | D        | Found a hazy altar of Hepliaklqana.
  1048 | D        | Found a roughly hewn altar of Beogh.
  1055 | D        | Became a worshipper of Sif Muna the Loreminder
  1250 | D        | Noticed a kraken
  1371 | D        | Learned a level 3 spell: Mephitic Cloud
  1371 | D        | Upgraded the game from 0.26-a0-1012-gedcf9b2963 to
                  | 0.26-a0-1020-ge47f559bc5
  1387 | D        | Learned a level 2 spell: Call Imp
  1576 | D        | Noticed an orange crystal statue
  1622 | D        | Noticed Kirke
  1622 | D        | Noticed a kobold demonologist
  1623 | D        | Noticed a yaktaur captain
  1627 | D        | Killed a kobold demonologist
  1629 | D        | Noticed a fire dragon
  1629 | D        | Noticed a skeletal warrior
  1631 | D        | Upgraded the game from 0.26-a0-1020-ge47f559bc5 to
                  | 0.26-a0-1038-gfb849e850a
  1632 | D        | Killed Kirke
  1633 | D        | Reached skill level 10 in Conjurations
  1633 | D        | Reached skill level 1 in Air Magic
  1633 | D        | Reached skill level 1 in Poison Magic
  1633 | D        | Reached skill level 5 in Evocations
  1633 | D        | Reached XP level 10. HP: 57/57 MP: 21/23
  1829 | D        | Killed a skeletal warrior
  1829 | D        | Reached * piety under Sif Muna
  1830 | D        | Reached skill level 5 in Dodging
  1830 | D        | Reached skill level 5 in Unarmed Combat
  1830 | D        | Reached skill level 10 in Spellcasting
  1830 | D        | Reached skill level 5 in Translocations
  1830 | D        | Reached skill level 15 in Fire Magic
  1902 | D        | Noticed a centaur warrior
  1910 | D        | Killed a centaur warrior
  1911 | D        | Reached skill level 1 in Invocations
  2033 | D        | Banished a boulder beetle
  2034 | D        | Reached skill level 1 in Fighting
  2041 | D        | Slain by a boulder beetle

Illustrated notes

Levels and vault maps discovered:
D:        the_violet_keep_of_menkaure [sprint2_stairs_cluster_1,
          sprint2_shoproom, sprint2_temple, sprint2_basic_supplies,
          sprint2_obstacle_2, sprint2_obstacle_7, sprint2_obstacle_4,
          sprint2_obstacle_3, sprint2_obstacle_6, sprint2_timed_cluster_1,
          sprint2_smallroom_cluster_1, sprint2_smallroom_final_cluster_1,
          sprint2_transparent_cluster_1, sprint2_second_timed_cluster_1,
          sprint2_sniper_area_1, sprint2_heavy_combat_area_1,
          sprint2_mutation_trap_area_1, sprint2_forest_area_1,
          sprint2_light_combat_area_1, sprint2_behind_water_1,
          sprint2_near_end_vault_1]

Skill      XL: |  1  2  3  4  5  6  7  8  9 10 |
---------------+-------------------------------+-----
Conjurations   | 2 3 5 6 7 10 11 | 11.1
Fire Magic     | 5 6 11 13 14 15 | 15.4
Spellcasting   | 3 4 6 7 9 11 | 11.0
Dodging        | 4 5 |  5.0
Unarmed Combat | 3 4 5 |  5.2
Translocations | 2 4 5 |  5.1
Evocations     | 2 5 |  5.8
Air Magic      | 1 2 |  2.2
Poison Magic   | 1 2 |  2.2
Invocations    | 2 |  2.8
Fighting       | 1 |  1.0
Stealth        | |  2.6
Hexes          | |  0.1

Action                   |  1- 3 |  4- 6 |  7- 9 | 10-12 || total
-------------------------+-------+-------+-------+-------++-------
Melee: Unarmed           |    10 |     2 |     8 |       ||    20
       Constrict         |     3 |     1 |       |     1 ||     5
       Tentacles         |     1 |     1 |       |     1 ||     3
       Spear             |       |       |       |    13 ||    13
 Cast: Foxfire           |       |     8 |    22 |     9 ||    39
       Conjure Flame     |       |     1 |     2 |     1 ||     4
       Fireball          |       |       |     7 |     3 ||    10
       Sticky Flame      |       |       |     4 |     3 ||     7
       Mephitic Cloud    |       |       |     4 |     3 ||     7
       Inner Flame       |       |       |     1 |       ||     1
Evoke: Wand              |       |       |     1 |     5 ||     6
  Use: Potion            |     2 |     3 |     5 |     3 ||    13
       Scroll            |       |       |     6 |     1 ||     7
 Stab: Paralysed         |       |       |     4 |     6 ||    10
Armor: Skin              |       |       |     3 |       ||     3
Dodge: Dodged            |     4 |     1 |     7 |     2 ||    14
Block: Other             |       |       |       |     1 ||     1

Table legend: (Time is in decaauts)
 A = Elapsed time spent in this place.
 B = Non-inter-level travel time spent in this place.
 C = Inter-level travel time spent in this place.
 D = Time resting spent in this place.
 E = Time spent auto-exploring this place.
 F = Levels seen in this place.
 G = Mean time per level.
                   A        B        C        D        E       F      G
               +--------+--------+--------+--------+--------+-----+--------+
         Total |   2032 |   2031 |      1 |   1225 |      0 |   1 | 2032.0 |
       Dungeon |   2032 |   2031 |      1 |   1225 |      0 |   1 | 2032.0 |
               +--------+--------+--------+--------+--------+-----+--------+

Top non-repeatable levels by time:
       D: 2032 daAuts
